 Dungeon Sprint DCSS version 0.30-a0-377-g5cb311bc9f (webtiles) character file.

Game seed: 6088398200299256670

88 rocky1 the Grasshopper (level 4, 0/63 HPs)
             Began as a Naga Warper on Nov 28, 2022.
             Was a Priest of Cheibriados.
             Slain by a gnoll
             ... wielding a +0 club
             ... led by a gnoll bouda
              (5 damage)
             ... in the Dungeon (Sprint VII: "The Pits").
             The game lasted 00:01:09 (292 turns).

rocky1 the Grasshopper (Naga Warper)                 Turns: 292, Time: 00:01:10

Health: 0/63       AC:  2    Str: 22    XL:     4   Next: 54%
Magic:  9/9        EV: 10    Int: 23    God:    Cheibriados [***...]
Gold:   0          SH:  0    Dex: 18    Spells: 0/9 levels left

rFire   . . .      SeeInvis +    m - +2 mace
rCold   . . .      Faith    .    (no shield)
rNeg    . . .      Spirit   .    b - +0 leather armour
rPois   +          Reflect  .    (no helmet)
rElec   .          Harm     .    (no cloak)
rCorr   .          Rampage  .    (no gloves)
Will    .....      NoTele   +    (no barding)
Stlth   ..........               (no amulet)
HPRegen 0.30/turn                (no ring)
MPRegen 0.11/turn                (no ring)

@: berserking (expiring), very slow
A: AC +1, large, see invisible, deformed body, poison resistance, slowness 2,
spit poison 1, naga tail 1
a: Spit Poison, Renounce Religion, Bend Time, Temporal Distortion


You were in the Dungeon.
You worshipped Cheibriados.
Cheibriados was most pleased with you.
You visited 1 branch

Inventory:

Hand Weapons
 a - a +0 mace
 m - a +2 mace (weapon)
Missiles
 d - 7 boomerangs of dispersal (quivered)
Armour
 b - a +0 leather armour (worn)
Scrolls
 c - 2 scrolls of blinking
 k - 5 scrolls of amnesia
 l - a scroll of summoning
Potions
 e - a potion of curing
 f - a potion of heal wounds
 g - a potion of haste
 h - 4 potions of magic
 i - a potion of berserk rage
 j - 2 potions of invisibility


   Skills:
 + Level 3.2 Fighting
 + Level 3.6 Maces & Flails
 + Level 1.2 Throwing
 + Level 1.2 Armour
 + Level 2.7 Dodging
 + Level 3.4 Spellcasting
 + Level 6.6 Translocations


You couldn't memorise any spells.
You knew the following spells:

 Your Spells              Type           Power      Damage    Failure   Level
a - Blink                 Tloc           68%        N/A       1%          2
b - Vhi's Electric Charg  Tloc/Air       38%        N/A       10%         3
c - Manifold Assault      Tloc           34%        N/A       9%          4

Your spell library contained the following spells:

 Spells                   Type           Power      Damage    Failure   Level
 Lesser Beckoning         Tloc           68%        N/A       2%          3
 Teleport Other           Tloc           34%        N/A       2%          3


Dungeon Overview and Level Annotations

Branches:
Dungeon (1/1)

Altars:
Ashenzari
Cheibriados
Dithmenos
Elyvilon
Fedhas
Gozag
Hepliaklqana
Kikubaaqudgha
Makhleb
Nemelex Xobeh
Okawaru
Qazlal
Ru
Sif Muna
Trog
Uskayaw
Vehumet
Wu Jian
Xom
Yredelemnul
Zin
The Shining One
Jiyva
Lugonu


Innate Abilities, Weirdness & Mutations

Your serpentine skin is tough. (AC +1)
You have supernaturally acute eyesight. (SInv)
Armour fits poorly on your strangely shaped body.
Your system is resistant to poisons. (rPois)
You cover ground very slowly.
You can spit poison.
You have a snake-like lower body.


Message History

The gnoll hits you with a +0 flail.
The gnoll bouda barks out a call to the hunt!
The gnolls pick up the pace!
A kobold comes into view. It is wielding a +0 short sword.
The kobold shouts!
A red film seems to cover your vision as you go berserk!
Cheibriados forces you to slow down.
You feel mighty!
You have got your breath back.
The gnoll hits you with a +0 flail! The gnoll hits you with a +0 club.
The gnoll hits you with a +1 whip of freezing.
The gnoll freezes you.
You sock the gnoll!
You kill the gnoll!
Cheibriados appreciates the change of pace.
Cheibriados raises the support of your attributes as your movement slows.
The gnoll hits you with a +0 club. The gnoll barely misses you.
You barely miss the gnoll. The gnoll hits you with a +0 club.
The gnoll barely misses you. The gnoll hits you with a +0 club.
You barely miss the gnoll. The ball python closely misses you.
The gnoll hits you with a +1 whip of freezing!
* * * LOW HITPOINT WARNING * * *
The gnoll freezes you.
* * * LOW HITPOINT WARNING * * *
The gnoll hits you with a +0 club.
* * * LOW HITPOINT WARNING * * *
The ball python closely misses you.
Okay, then.
You sock the gnoll!
The gnoll is almost dead.
The gnoll barely misses you. The ball python bites you.
* * * LOW HITPOINT WARNING * * *
The gnoll hits you with a +0 club.
* * * LOW HITPOINT WARNING * * *
Unknown command.
You barely miss the gnoll.
The gnoll is almost dead.
The ball python barely misses you. The gnoll barely misses you.
The gnoll hits you with a +0 club.
You die...

##########'##...........
#.?(.')))'.##......#..#.
##########.##...........
#...........'...........
#+#####)#####......#..#.
#..†..##...........
#####'#####'#####++
#...†.##.......#
#.g@g.##.......#
###S####.......#


grg #...<...# g.K.. #.......# ......##.......# #########.......# ######### You
could see a gnoll bouda, 4 gnolls, a quokka, a ball python and a kobold.

Vanquished Creatures
  A scorpion (D)
  2 gnolls (D)
  A bat (D)
  5 jackals (D)
9 creatures vanquished.

Notes
Turn   | Place    | Note
-------+----------+-------------------------------------------
     0 | D        | rocky1 the Naga Warper began the quest for the Orb.
     0 | D        | Reached XP level 1. HP: 19/19 MP: 3/3
    11 | D        | Noticed a scorpion
    15 | D        | Killed a scorpion
    16 | D        | Reached skill level 1 in Throwing
    16 | D        | Reached skill level 5 in Translocations
    16 | D        | Reached XP level 2. HP: 28/28 MP: 4/6
    16 | D        | Reached XP level 3. HP: 34/34 MP: 4/7
    16 | D        | Reached XP level 4. HP: 42/42 MP: 4/8
   156 | D        | Learned a level 2 spell: Blink
   160 | D        | Learned a level 3 spell: Vhi's Electric Charge
   165 | D        | Learned a level 4 spell: Manifold Assault
   191 | D        | Found a bloodstained altar of Trog.
   191 | D        | Found a shimmering blue altar of Sif Muna.
   191 | D        | Found a viscous altar of Jiyva.
   191 | D        | Found a hazy altar of Hepliaklqana.
   191 | D        | Found an opulent altar of Gozag.
   192 | D        | Found a glowing golden altar of the Shining One.
   192 | D        | Found a glowing silver altar of Zin.
   192 | D        | Found a basalt altar of Yredelemnul.
   192 | D        | Found a shimmering altar of Xom.
   192 | D        | Found an ornate altar of the Wu Jian Council.
   192 | D        | Found a sacrificial altar of Ru.
   192 | D        | Found a stormy altar of Qazlal.
   192 | D        | Found an iron altar of Okawaru.
   192 | D        | Found a sparkling altar of Nemelex Xobeh.
   192 | D        | Found a burning altar of Makhleb.
   192 | D        | Found a blossoming altar of Fedhas.
   192 | D        | Found a white marble altar of Elyvilon.
   192 | D        | Found a shadowy altar of Dithmenos.
   192 | D        | Found a snail-covered altar of Cheibriados.
   195 | D        | Found a corrupted altar of Lugonu.
   195 | D        | Found a radiant altar of Vehumet.
   196 | D        | Found an ancient bone altar of Kikubaaqudgha.
   196 | D        | Found a hide-covered altar of Uskayaw.
   196 | D        | Found a broken altar of Ashenzari.
   203 | D        | Became a worshipper of Cheibriados the Contemplative
   218 | D        | Reached skill level 6 in Translocations
   222 | D        | Reached * piety under Cheibriados
   223 | D        | Reached skill level 1 in Armour
   227 | D        | Reached ** piety under Cheibriados
   279 | D        | Reached *** piety under Cheibriados
   292 | D        | Slain by a gnoll

Illustrated notes

Levels and vault maps discovered:
D:        pitsprint [storerooms_1, entrance_room_1, metal_vault_4, armoury_2,
          mini_pit_1, grid_room_1, main_hall_1, silver_pit, the_coven_1,
          the_vestibule_1, steel_vault_5, golden_pit, hallway_of_sentries,
          crystal_vault_2, iron_vault_5, final_vault]

Skill      XL: |  1  2  3  4 |
---------------+-------------+-----
Fighting       | 3 |  3.2
Maces & Flails | 3 |  3.6
Throwing       | 1 |  1.2
Dodging        | 2 |  2.7
Spellcasting   | 3 |  3.4
Translocations | 5 6 |  6.6
Armour         | 1 |  1.2

Action                   |  1- 3 |  4- 6 || total
-------------------------+-------+-------++-------
Melee: Mace              |     2 |    26 ||    28
 Abil: Spit Poison       |     1 |     1 ||     2
  Use: Potion            |     1 |     1 ||     2
Armor: Leather armour    |     1 |     5 ||     6
Dodge: Dodged            |     2 |    20 ||    22

Table legend: (Time is in decaauts)
 A = Elapsed time spent in this place.
 B = Non-inter-level travel time spent in this place.
 C = Inter-level travel time spent in this place.
 D = Time resting spent in this place.
 E = Time spent auto-exploring this place.
 F = Levels seen in this place.
 G = Mean time per level.
                   A        B        C        D        E       F      G
               +--------+--------+--------+--------+--------+-----+--------+
         Total |    342 |    342 |      0 |    180 |      0 |   1 |  342.0 |
       Dungeon |    342 |    342 |      0 |    180 |      0 |   1 |  342.0 |
               +--------+--------+--------+--------+--------+-----+--------+

Top non-repeatable levels by time:
       D: 342 daAuts
